 Dungeon Crawl Stone Soup version 0.26-a0-64-g059e62fbdb (webtiles) character file.

Game seed: 12227319514341568965

4977 inmateoo the Covert (level 10, -3/43 HPs)
             Began as a Felid Fighter on June 11, 2020.
             Was a Believer of Hepliaklqana.
             Shot with an arrow by a centaur (11 damage)
             ... on level 11 of the Dungeon.
             The game lasted 00:28:19 (11439 turns).

inmateoo the Covert (Felid Fighter)                Turns: 11439, Time: 00:28:19

Health: -3/43      AC: 10    Str: 12    XL:     10   Next: 29%
Magic:  7/20       EV: 21    Int: 14    God:    Hepliaklqana [**....]
Gold:   334        SH:  0    Dex: 15    Spells: 2/21 levels left
                                        Lives:  0   Deaths: 3

rFire    . . .     SeeInvis +     - Unarmed
rCold    . . .     Gourm    .   (shield unavailable)
rNeg     . . .     Faith    .   (armour unavailable)
rPois    .         Spirit   .   (helmet unavailable)
rElec    .         Reflect  .   (cloak unavailable)
rCorr    .         Harm     .   (gloves unavailable)
MR       +....                  (boots unavailable)
Stlth    +++++.....             c - amulet of regeneration
HPRegen  0.54/turn              A - +4 ring of protection
MPRegen  0.17/turn              v - +4 ring of protection

@: quick
A: very small, no armour, no weapons or thrown items, stealth, reduced essence,
claws 1, fangs 3, see invisible, carnivore, speed 1, shaggy fur 2, slow
metabolism 1, sharp paws
a: Recall Ancestor, Ancestor Identity, Renounce Religion


You were on level 11 of the Dungeon.
You worshipped Hepliaklqana.
Hepliaklqana was pleased with you.
You were full.

You visited 2 branches of the dungeon, and saw 12 of its levels.
You also visited: Ossuary.

You collected 334 gold pieces.

Inventory:

Jewellery
 c - an amulet of regeneration (around neck)
 m - a cursed amulet of inaccuracy {unknown}
 u - a +6 ring of intelligence
 v - a +4 ring of protection (right paw)
 w - a +4 ring of slaying
 y - an uncursed ring of protection from cold
 A - a +4 ring of protection (left paw)
Wands
 g - a wand of acid (29)
 o - a wand of random effects (19)
 s - a wand of digging (10)
 t - a wand of disintegration (10)
 x - a wand of iceblast (4)
 z - a wand of clouds (7)
 B - a wand of flame (6)
Scrolls
 h - 2 scrolls of amnesia
 j - 3 scrolls of teleportation
 q - 3 scrolls of remove curse
 r - a scroll of fear
 D - a scroll of fog
Potions
 a - 5 potions of heal wounds
 d - 3 potions of flight
 e - 8 potions of curing
 f - 2 potions of resistance
 i - a potion of invisibility
 k - 6 potions of brilliance
 l - 2 potions of haste
 n - 4 potions of stabbing
 p - a potion of might
 C - a potion of magic
Miscellaneous
 E - a tin of tremorstones (2/3)
Comestibles
 b - 16 rations


   Skills:
 + Level 7.8 Fighting
 + Level 6.1 Dodging
 + Level 11.1 Stealth
 + Level 7.9 Unarmed Combat
 + Level 6.0 Spellcasting
 - Level 10.0 Hexes
 + Level 2.7 Transmutations
 + Level 2.3 Earth Magic
 + Level 3.3 Invocations
 - Level 5.0 Evocations


You had 2 spell levels left.
You knew the following spells:

 Your Spells              Type           Power        Failure   Level  Hunger
a - Corona                Hex            ####...      1%          1    None
b - Ensorcelled Hibernat  Hex/Ice        ###...       3%          2    #......
c - Confusing Touch       Hex            ####....     1%          3    ###....
d - Dazzling Flash        Conj/Hex       ###...       6%          3    ###....
e - Petrify               Tmut/Erth      ##......     50%         4    ####...
f - Statue Form           Tmut/Erth      ##.......    100%        6    #######

Your spell library contained the following spells:

 Spells                   Type           Power        Failure   Level  Hunger
 Sandblast                Erth           ##....       6%          1    None
 Passwall                 Tmut/Erth      ##......     9%          2    #......
 Apportation              Tloc           #.....       16%         1    None
 Shock                    Conj/Air       #...         16%         1    None
 Summon Butterflies       Summ           #.......     16%         1    None
 Corpse Rot               Necr/Air       N/A          24%         2    #......
 Swiftness                Chrm/Air       #.......     24%         2    #......
 Tukima's Dance           Hex            ####....     1%          3    ###....
 Leda's Liquefaction      Hex/Erth       ###.......   13%         4    ####...
 Stone Arrow              Conj/Erth      #.....       30%         3    ###....
 Yara's Violent Unravell  Hex/Tmut       ###.......   32%         5    ######.
 Invisibility             Hex            ####....     36%         6    #######
 Gell's Gravitas          Tloc           #.........   43%         3    ###....
 Lesser Beckoning         Tloc           #.........   43%         3    ###....
 Static Discharge         Conj/Air       #.......     43%         3    ###....
 Vampiric Draining        Necr           #.........   43%         3    ###....
 Metabolic Englaciation   Hex/Ice        ###.......   50%         5    ######.
 Airstrike                Air            #.........   83%         4    ####...
 Dispel Undead            Necr           #.......     83%         4    ####...
 Lee's Rapid Deconstruct  Erth           ##........   86%         5    ######.
 Alistair's Intoxication  Tmut/Pois      #.......     94%         5    ######.
 Bolt of Magma            Conj/Fire/Erth #.........   97%         5    ######.
 Lightning Bolt           Conj/Air       #.........   99%         5    ######.
 Iron Shot                Conj/Erth      #.........   100%        6    #######
 Simulacrum               Ice/Necr       #.........   100%        6    #######
 Shatter                  Erth           ##........   100%        9    #######


Dungeon Overview and Level Annotations

Branches:
Dungeon (11/15)            Temple (1/1) D:7            Lair (0/6) D:10
    Orc (0/2) D:10        Ossuary (visited)

Altars:
Ashenzari
Cheibriados
Dithmenos
Elyvilon
Fedhas
Gozag
Hepliaklqana
Kikubaaqudgha
Makhleb
Nemelex Xobeh
Okawaru
Qazlal
Ru
Sif Muna
Trog
Uskayaw
Vehumet
Wu Jian
Xom
Yredelemnul
Zin
The Shining One
Jiyva

Shops:
D:8 :

Annotations:
D:4 3 runed translucent doors, Lanoc's ghost, amateur TrGl; PIKKUHERKKO's ghost, amateur DsGl; PIKKUHERKKO's ghost, weakling DsGl
D:7 5 exclusions
D:8 3 runed translucent doors, emiel's ghost, novice DrWn
D:9 2 transporters
D:11 Urug


Innate Abilities, Weirdness & Mutations

You cannot wear armour.
You are incapable of wielding weapons or throwing items.
Your paws allow you to move quietly. (Stealth)
You have sharp claws.
You have razor-sharp teeth.
You have supernaturally acute eyesight. (SInv)
You are carnivorous and can eat meat at any time.
You cover ground quickly.
You are covered in thick fur. (AC +2)
You have a slow metabolism.
Your sharp claws are effective at attacking unaware monsters.
Your life essence is reduced to manifest your ancestor. (-10% HP)


Message History

The arrow misses you.
The centaur hits you but does no damage.
Unknown command.
Unknown command.
Unknown command.
Casting: Dazzling Flash (dangerous; 6% risk of failure)
Confirm with . or Enter, or press ? or * to list all spells.
The orc wizard is dazzled.
The centaur is dazzled.
The orc is dazzled.
The centaur shoots an arrow.
The arrow closely misses the orc wizard.
The arrow misses you. The orc wizard barely misses you.
The centaur completely misses you.
Psammuthes barely misses the centaur.
Unknown command.
Unknown command.
Unknown command.
You scratch the centaur.
The centaur is severely wounded.
The centaur shoots an arrow.
The arrow barely misses the orc wizard.
The arrow hits you!
You die...

## ..# #.. . ##.. #.#
.. ... #.# ... ###.#
#.# ....
...############(#
....o###)...........#.#
.....ooRc)########.#..#
.....co@).(((.....###R#
...#####((########^#R##
#..# #.## #..# #.# #...
..####.### ##.##
#........# #.#
######.#.# #.# #.#.#
#.# #.#.##


You could see the friendly Psammuthes the knight, 2 centaurs, 2 orc wizards and
2 orcs.

Vanquished Creatures
  A two-headed ogre (D:10)
  Psyche (D:8)
  Joseph (D:8)
  A komodo dragon (D:10)
  A troll (D:7)
  4 hippogriffs
  Sigmund (D:3)
  A shadow (D:10)
  3 yaks (D:8)
  A wyvern (D:9)
  4 wargs (D:10)
  A water moccasin (D:7)
  3 ice beasts
  3 sky beasts
  8 ogres
  2 necrophages
  3 phantoms
  8 centaurs
  A crocodile (D:9)
  3 bullfrogs
  2 water moccasin zombies (Ossuary)
  A water moccasin skeleton (D:8)
  3 killer bees
  2 howler monkeys (D:7)
  9 wights
  A bullfrog zombie (D:10)
  6 crimson imps
  9 hounds
  A quasit (D:9)
  5 jellies
  8 orc wizards
  7 orc priests
  A bullfrog skeleton (D:4)
  An iguana (D:4)
  An ancestor (D:10)
  6 worker ants
  5 big kobold zombies (Ossuary)
  A hound zombie (D:5)
  3 mummies
  A worker ant zombie (D:10)
  8 gnolls
  7 adders
  5 shadow imps
  An ooze (D:2)
  6 adder zombies (Ossuary)
  A worm (D:3)
  A dart slug (D:3)
  6 leopard geckos
  27 orcs
  5 giant cockroaches
  4 gnoll zombies (Ossuary)
  11 goblins
  5 hobgoblins
  14 jackals
  A quokka (D:9)
  A ball python (D:4)
  8 bats
  3 frilled lizards
  2 hobgoblin zombies (Ossuary)
  3 kobolds (D:1)
  3 kobold zombies (Ossuary)
  A leopard gecko skeleton (D:6)
  3 orc zombies (Ossuary)
  A quokka skeleton (D:5)
  4 rats
255 creatures vanquished.

Vanquished Creatures (collateral kills)
  A komodo dragon (D:10)
  2 yaks
  A hungry ghost (D:8)
  A centaur (D:11)
  A bullfrog (D:9)
  2 killer bees (D:8)
  A gnoll shaman (D:10)
  3 orc wizards
  A gnoll (D:10)
  An adder (D:9)
  An orc (D:11)
15 creatures vanquished.

Vanquished Creatures (others)
  9 ancestors
  A plant (D:10)
10 creatures vanquished.

Grand Total: 280 creatures vanquished

Notes
Turn   | Place    | Note
-------+----------+-------------------------------------------
     0 | D:1      | inmateoo the Felid Fighter began the quest for the Orb.
     0 | D:1      | Reached XP level 1. HP: 10/10 MP: 2/2
   309 | D:1      | Reached skill level 1 in Stealth
   317 | D:1      | Reached XP level 2. HP: 14/14 MP: 3/3
   432 | D:1      | Found a sparkling altar of Nemelex Xobeh.
   835 | D:2      | Reached skill level 2 in Stealth
   931 | D:2      | Reached XP level 3. HP: 16/17 MP: 4/4
  1526 | D:2      | Found a bloodstained altar of Trog.
  1862 | D:3      | Reached skill level 3 in Stealth
  2086 | D:3      | Reached XP level 4. HP: 14/21 MP: 5/5
  2138 | D:3      | Found a basalt altar of Yredelemnul.
  2162 | D:3      | Learned a level 1 spell: Corona
  2248 | D:3      | Noticed Sigmund
  2254 | D:3      | Killed Sigmund
  2254 | D:3      | Reached skill level 4 in Stealth
  2254 | D:3      | Reached skill level 5 in Unarmed Combat
  2254 | D:3      | Reached skill level 1 in Spellcasting
  2254 | D:3      | Reached skill level 1 in Hexes
  2254 | D:3      | Reached XP level 5. HP: 14/25 MP: 5/7
  2400 | D:3      | Noticed a necrophage
  2408 | D:3      | Killed a necrophage
  2408 | D:3      | Reached skill level 5 in Stealth
  2408 | D:3      | Gained mutation: You are covered in thick fur. (AC +2)
                  | [Felid growth]
  2408 | D:3      | Reached XP level 6. HP: 28/28 MP: 8/8
  2625 | D:4      | Found a glowing golden altar of the Shining One.
  2742 | D:4      | Found a sand-covered staircase.
  2788 | Ossuary  | Entered an ossuary
  2949 | Ossuary  | Reached XP level 7. HP: 30/32 MP: 10/10
  2967 | Ossuary  | Learned a level 2 spell: Ensorcelled Hibernation
  2971 | Ossuary  | Learned a level 3 spell: Confusing Touch
  2987 | Ossuary  | Reached skill level 6 in Stealth
  3235 | D:4      | Identified the Volume of Evil Rites
  3372 | D:4      | Found a runed translucent gate.
  3372 | D:4      | Found a runed translucent gate.
  3374 | D:4      | Found a runed translucent gate.
  3376 | D:4      | Noticed PIKKUHERKKO's ghost (amateur DsGl)
  3376 | D:4      | Noticed PIKKUHERKKO's ghost (weakling DsGl)
  3377 | D:4      | Noticed Lanoc's ghost (amateur TrGl)
  3910 | D:5      | Entered Level 5 of the Dungeon
  3927 | D:5      | Shot with an arrow by a centaur
  3928 | D:5      | Reached XP level 6. HP: -8/29 MP: 10/10
  3955 | D:5      | Mangled by a centaur
  3956 | D:5      | Reached XP level 5. HP: -8/25 MP: 9/9
  4081 | D:5      | Reached XP level 6. HP: 29/29 MP: 10/10
  4315 | D:5      | Found a stormy altar of Qazlal.
  4355 | D:5      | Reached skill level 7 in Stealth
  4630 | D:5      | Learned a level 3 spell: Dazzling Flash
  5203 | D:6      | Reached XP level 7. HP: 33/33 MP: 10/12
  5347 | D:6      | Reached skill level 5 in Fighting
  5351 | D:6      | Reached skill level 8 in Stealth
  5435 | D:6      | Reached skill level 5 in Hexes
  5518 | D:6      | Reached XP level 8. HP: 32/37 MP: 13/13
  5684 | D:6      | Found an opulent altar of Gozag.
  5777 | D:6      | Reached skill level 9 in Stealth
  5912 | D:7      | Noticed a troll
  6092 | D:7      | Reached skill level 1 in Evocations
  6313 | D:7      | Noticed a hippogriff
  6326 | D:7      | Found a staircase to the Ecumenical Temple.
  6327 | D:7      | Killed a hippogriff
  6327 | D:7      | Reached skill level 10 in Stealth
  6327 | D:7      | Reached XP level 9. HP: 15/40 MP: 13/16
  6341 | Temple   | Entered the Ecumenical Temple
  6520 | Temple   | Became a worshipper of Hepliaklqana the Forgotten
  7028 | D:7      | Found a bloodstained altar of Trog.
  7105 | D:7      | Killed a troll
  7178 | D:7      | Reached skill level 5 in Spellcasting
  7265 | D:8      | Found Wevvasad's Book Boutique.
  7265 | D:8      | Noticed Psyche
  7288 | D:8      | Killed Psyche
  7561 | D:8      | Reached skill level 5 in Evocations
  7681 | D:8      | Noticed Joseph
  7750 | D:8      | Killed Joseph
  7750 | D:8      | Reached XP level 10. HP: 10/41 MP: 13/18
  7979 | D:8      | Found a runed translucent gate.
  7980 | D:8      | Found a runed translucent gate.
  7980 | D:8      | Found a runed translucent gate.
  7980 | D:8      | Noticed emiel's ghost (novice DrWn)
  8104 | D:8      | Reached * piety under Hepliaklqana
  8171 | D:8      | Found a viscous altar of Jiyva.
  8254 | D:9      | Found a shimmering blue altar of Sif Muna.
  8277 | D:8      | Reached skill level 10 in Hexes
  8544 | D:9      | Reached skill level 1 in Invocations
  8574 | D:8      | HP: 2/42 [yak (13)]
  9253 | D:9      | Learned a level 4 spell: Petrify
  9338 | D:9      | Found a transporter.
  9343 | D:9      | Reached skill level 5 in Dodging
  9472 | D:9      | Found a transporter.
  9546 | D:10     | Entered Level 10 of the Dungeon
  9613 | D:9      | Reached skill level 1 in Transmutations
  9701 | D:10     | Reached skill level 1 in Earth Magic
  9752 | D:10     | Found a staircase to the Orcish Mines.
  9837 | D:10     | Found a staircase to the Lair.
 10455 | D:10     | Reached XP level 11. HP: 45/45 MP: 10/20
 10635 | D:10     | Noticed a two-headed ogre
 10640 | D:10     | Killed a two-headed ogre
 10640 | D:10     | Reached skill level 11 in Stealth
 10879 | D:11     | Noticed Urug
 11117 | D:11     | Slain by a centaur
 11118 | D:11     | Reached XP level 10. HP: -2/43 MP: 19/19
 11313 | D:11     | Reached ** piety under Hepliaklqana
 11314 | D:11     | Remembered your ancestor Psammuthes as a knight
 11336 | D:11     | Learned a level 6 spell: Statue Form
 11439 | D:11     | Shot with an arrow by a centaur

Illustrated notes

Levels and vault maps discovered:
D:1:      lemuel_arrival_broad_hall, layout_basic, serial_curves,
          eino_curves_02, eino_curves_04, nemelex_diamond_rough_becter
D:2:      layout_basic, first_ration, trog_three_pillars_becter
D:3:      layout_basic, yredelemnul_altar_generic, uniq_sigmund
D:4:      layout_basic, tso_metal_star, gammafunk_ghost_cemetery,
          gup_ossuary_entry_pyramid
D:5:      layout_layer_cave, nicolae_qazlal_eye_of_the_storm
D:6:      layout_rooms, nicolae_gozag_cash_rules_everything_around_me,
          wad_floor_pattern_untrapped
D:7:      layout_loops_cross, kennysheep_little_box,
          minmay_temple_entry_statues_fountains
D:8:      layout_loops_ring, serial_shops, shop_statue, gammafunk_ghost_ooze,
          uniq_joseph, uniq_psyche
D:9:      gammafunk_cloud_chamber, layout_rooms, overflow_temple_1_default
D:10:     layout_roguey, david_lair_shrubbed, minmay_orc_entry_guard_dogs
D:11:     layout_loops_ring, hangedman_little_slice_of_home, uniq_urug
Temple:   hc_temple_tempest_star

Skill      XL: |  1  2  3  4  5  6  7  8  9 10 11 |
---------------+----------------------------------+-----
Stealth        | 1 2 3 4 5 7 8 10 11 | 11.1
Unarmed Combat | 5 7 |  7.9
Spellcasting   | 1 3 4 5 6 |  6.0
Hexes          | 1 2 4 5 6 9 10 | 10.0
Fighting       | 4 5 7 |  7.8
Evocations     | 2 5 |  5.0
Invocations    | 2 3 |  3.3
Dodging        | 5 6 |  6.1
Transmutations | 2 |  2.7
Earth Magic    | 1 2 |  2.3

Action                   |  1- 3 |  4- 6 |  7- 9 | 10-12 || total
-------------------------+-------+-------+-------+-------++-------
Melee: Unarmed           |   108 |   184 |   314 |   266 ||   872
       Bite              |    12 |    20 |    34 |    24 ||    90
       Punch             |       |     3 |    16 |    10 ||    29
 Cast: Ensorcelled Hiber |       |     2 |       |     1 ||     3
       Corona            |       |       |    14 |    21 ||    35
       Dazzling Flash    |       |       |     3 |     8 ||    11
       Confusing Touch   |       |       |    19 |    20 ||    39
Invok: Recall Ancestor   |       |       |     1 |    13 ||    14
       Ancestor Life: Kn |       |       |       |     1 ||     1
Evoke: Wand              |       |       |     7 |     2 ||     9
       Tin of tremorston |       |       |       |     1 ||     1
  Use: Scroll            |    11 |     2 |     7 |     3 ||    23
       Potion            |       |     1 |       |     1 ||     2
 Stab: Sleeping          |     5 |     9 |    14 |     8 ||    36
       Confused          |       |       |    11 |     6 ||    17
       Invisible         |       |       |       |     2 ||     2
  Eat: Chunk             |     9 |     9 |    12 |    11 ||    41
Armor: Skin              |     1 |    11 |    23 |    38 ||    73
Dodge: Dodged            |    81 |   133 |   202 |   296 ||   712

Table legend:
 A = Non-vault XP
 B = Vault XP
 C = Vault XP percentage of total XP
 D = Non-vault monster count
 E = Vault monster count
 F = Vault count percentage of total count
                 A         B        C        D         E       F
            +---------+---------+-------+---------+---------+-------
      Total |   11706 |    2492 |  17.6 |     233 |      36 |  13.4
            +---------+---------+-------+---------+---------+-------
        D:1 |      22 |       0 |   0.0 |      15 |       0 |   0.0
        D:2 |      38 |       0 |   0.0 |      19 |       0 |   0.0
        D:3 |     177 |     223 |  55.8 |      18 |       1 |   5.3
        D:4 |     196 |      18 |   8.4 |      10 |       1 |   9.1
        D:5 |     485 |       0 |   0.0 |      16 |       0 |   0.0
        D:6 |    1118 |       0 |   0.0 |      18 |       0 |   0.0
        D:7 |    2072 |       0 |   0.0 |      26 |       0 |   0.0
        D:8 |    2296 |     869 |  27.5 |      39 |       2 |   4.9
        D:9 |    1466 |       0 |   0.0 |      21 |       0 |   0.0
       D:10 |    3058 |    1003 |  24.7 |      37 |       5 |  11.9
       D:11 |     766 |       0 |   0.0 |      13 |       0 |   0.0
     Temple |      12 |       0 |   0.0 |       1 |       0 |   0.0
    Ossuary |       0 |     379 | 100.0 |       0 |      27 | 100.0
            +---------+---------+-------+---------+---------+-------
